 Dungeon Crawl Stone Soup version 0.28-a0-724-g66f9036eb4 (webtiles) character file.

Game seed: 14068350009529911228

2452 case the Destroyer (level 9, -4/50 HPs)
             Began as a Deep Elf Fire Elementalist on Oct 26, 2021.
             Was a Follower of Sif Muna.
             Slain by a two-headed ogre (23 damage)
             ... on level 8 of the Dungeon.
             The game lasted 00:25:56 (9425 turns).

case the Destroyer (Deep Elf Fire Elementalist)     Turns: 9425, Time: 00:25:58

Health: -4/50      AC:  7    Str:  5    XL:     9   Next: 25%
Magic:  22/30      EV: 12    Int: 24    God:    Sif Muna [*.....]
Gold:   457        SH:  0    Dex: 15    Spells: 16/22 levels left

rFire   . . .      SeeInvis .   e - +2 short sword (drain)
rCold   . . .      Faith    .   (no shield)
rNeg    . . .      Spirit   .   a - +0 robe
rPois   .          Reflect  .   k - +2 helmet
rElec   .          Harm     .   n - +1 cloak
rCorr   .          Rampage  .   (no gloves)
Will    +....                   (no boots)
Stlth   ++........              (no amulet)
HPRegen 0.16/turn               c - ring of willpower
MPRegen 0.22/turn               C - ring of magical power

@: no status effects
A: no striking features
a: Renounce Religion, Channel Magic


You were on level 8 of the Dungeon.
You worshipped Sif Muna.
Sif Muna was aware of your devotion.
You visited 2 branches of the dungeon, and saw 9 of its levels.

You collected 457 gold pieces.

Inventory:

Hand Weapons
 e - a +2 short sword of draining (weapon)
Missiles
 y - a throwing net
Armour
 a - a +0 robe (worn)
 k - a +2 helmet (worn)
 n - a +1 cloak (worn)
Magical Staves
 B - a staff of earth
Jewellery
 c - a ring of willpower (left hand)
 C - a ring of magical power (right hand)
Wands
 d - a wand of acid (7)
 s - a wand of flame (35)
 F - a wand of mindburst (13)
Scrolls
 f - 5 scrolls of amnesia
 j - 2 scrolls of blinking
 l - a scroll of vulnerability {unknown}
 m - a scroll of enchant weapon {unknown}
 p - 2 scrolls of fear {unknown}
 t - a scroll of magic mapping {unknown}
 v - 2 scrolls of fog {unknown}
 w - 3 scrolls of teleportation {unknown}
 x - 2 scrolls of silence {unknown}
Potions
 b - 2 potions of flight {unknown}
 h - a potion of attraction {unknown}
 i - 4 potions of lignification
 o - a potion of cancellation {unknown}
 r - a potion of might {unknown}
 u - a potion of magic {unknown}
 z - 2 potions of haste
 A - a potion of heal wounds {unknown}
 D - 2 potions of curing {unknown}
 E - a potion of brilliance {unknown}


   Skills:
 - Level 3.0 Fighting
 - Level 2.2 Short Blades
 - Level 2.4 Dodging
 - Level 2.4 Stealth
 + Level 7.0 Spellcasting
 + Level 8.8 Conjurations
 + Level 7.8 Fire Magic
 + Level 2.0 Invocations


You had 16 spell levels left.
You knew the following spells:

 Your Spells              Type           Power      Damage    Failure   Level
a - Foxfire               Conj/Fire      100%       2x1d9     1%          1
b - Scorch                Fire           90%        2d10      1%          2
c - Conjure Flame         Conj/Fire      48%        6-21      1%          3

Your spell library contained the following spells:

 Spells                   Type           Power      Damage    Failure   Level
 Flame Wave               Conj/Fire      48%        3d9       2%          4
 Inner Flame              Hex/Fire       27%        N/A       4%          3
 Portal Projectile        Hex/Tloc       16%        N/A       22%         3
 Blade Hands              Tmut           4%         N/A       89%         5
 Excruciating Wounds      Necr           4%         N/A       89%         5


Dungeon Overview and Level Annotations

Branches:
Dungeon (8/15)             Temple (1/1) D:5
   Lair: D:8-11

Altars:
Ashenzari
Cheibriados
Dithmenos
Elyvilon
Fedhas
Hepliaklqana
Kikubaaqudgha
Makhleb
Okawaru
Qazlal
Ru
Sif Muna
Trog
Vehumet
Wu Jian
Xom
Yredelemnul
The Shining One

Annotations:
D:7 exclusion: statue


Message History

HP restored.
Found 26 arrows.
You now have 457 gold pieces (gained 14).
Found a ring mail.
A two-headed ogre comes into view.
It is wielding a +0 dire flail and a +0 giant club.
Found a robe.
The two-headed ogre shouts in stereo!
Casting: Foxfire (safe; 1% risk of failure)
Confirm with . or Enter, or press ? or * to list all spells.
You conjure some foxfire!
Your foxfire dissipates!
Casting: Foxfire (safe; 1% risk of failure)
Confirm with . or Enter, or press ? or * to list all spells.
The fire begins to smoulder!
The fire ignites!
Casting: Conjure Flame (safe; 1% risk of failure)
Confirm with . or Enter, or press ? or * to list all spells.
You conjure some foxfire!
The foxfire hits the two-headed ogre.
The two-headed ogre is lightly wounded.
Your foxfire dissipates!
Casting: Foxfire (safe; 1% risk of failure)
Confirm with . or Enter, or press ? or * to list all spells.
Flames lash the two-headed ogre.
The two-headed ogre is lightly wounded.
The two-headed ogre's fire resistance burns away.
The two-headed ogre is engulfed in blazing flames.
The two-headed ogre hits you with a +0 dire flail!!
The two-headed ogre hits you with a +0 giant club!
The two-headed ogre is no longer more vulnerable to fire.
Casting: Scorch (safe; 1% risk of failure)
Confirm with . or Enter, or press ? or * to list all spells.
The fire begins to smoulder!
The two-headed ogre smothers the flame.
Casting: Conjure Flame (safe; 1% risk of failure)
Confirm with . or Enter, or press ? or * to list all spells.
Flames lash the two-headed ogre.
The two-headed ogre is severely wounded.
The two-headed ogre's fire resistance burns away.
The two-headed ogre hits you with a +0 dire flail!!
You die...

###### #### .....######### ...[
####.........################....
#########.......##...........O
######### ##...@O....######.....
#.............#####.....####.#
..############# #####...#..# ###
###...## ####### ##### #.....# #
####...[.### ### #..........####
..###.##.....#....##


You could see a two-headed ogre (combustible).

Vanquished Creatures
  A kobold demonologist (D:6)
  2 wyverns (D:8)
  A steam dragon (D:6)
  2 water moccasins
  A sky beast (D:8)
  2 centaurs
  A kobold brigand (D:8)
  A wyvern zombie (D:7)
  A gnoll sergeant (D:7)
  3 scorpions (D:5)
  A wyvern skeleton (D:7)
  An electric eel (D:7)
  2 centaur zombies
  4 hounds
  4 jellies
  2 centaur skeletons
  2 orc priests
  2 orc wizards
  Ijyb (D:4)
  Natasha (thrice) (D:2)
  3 iguanas
  4 gnolls
  3 adders (D:4)
  2 shadow imps (D:6)
  A white imp (D:5)
  A worm (D:2)
  3 dart slugs
  13 orcs
  8 ball pythons
  15 endoplasms
  2 giant cockroaches
  4 hobgoblins
  6 jackals
  5 quokkas
  5 bats
  3 frilled lizards
  9 goblins
  18 kobolds
  5 rats
147 creatures vanquished.

Vanquished Creatures (collateral kills)
  3 foxfires (D:3)
3 creatures vanquished.

Vanquished Creatures (others)
  371 foxfires
  8 toadstools (D:3)
379 creatures vanquished.

Grand Total: 529 creatures vanquished

Notes
Turn   | Place    | Note
-------+----------+-------------------------------------------
     0 | D:1      | case the Deep Elf Fire Elementalist began the quest for the
                  | Orb.
     0 | D:1      | Reached XP level 1. HP: 10/10 MP: 6/6
   408 | D:1      | Reached XP level 2. HP: 15/15 MP: 6/8
   491 | D:1      | Reached skill level 2 in Conjurations
   530 | D:1      | Found a faded altar of an unknown god.
   556 | D:1      | Learned a level 2 spell: Scorch
   977 | D:2      | Reached XP level 3. HP: 19/19 MP: 6/9
  1012 | D:2      | Found a blossoming altar of Fedhas.
  1081 | D:2      | Noticed Natasha
  1086 | D:2      | Killed Natasha
  1215 | D:2      | Reached skill level 3 in Conjurations
  2076 | D:2      | Reached XP level 4. HP: 24/24 MP: 8/10
  2435 | D:2      | Noticed Natasha
  2441 | D:2      | Killed Natasha
  2775 | D:3      | Reached skill level 1 in Short Blades
  2775 | D:3      | Reached XP level 5. HP: 22/28 MP: 0/11
  2849 | D:2      | Noticed Natasha
  2862 | D:2      | Killed Natasha
  2863 | D:2      | Reached skill level 1 in Fighting
  2863 | D:2      | Reached skill level 4 in Conjurations
  3195 | D:3      | Found a large runed translucent door.
  3196 | D:3      | Found a large runed translucent door.
  3208 | D:3      | Found a shadowy altar of Dithmenos.
  3402 | D:3      | Found an ornate altar of the Wu Jian Council.
  4087 | D:3      | Found a bloodstained altar of Trog.
  4087 | D:3      | Noticed a centaur
  4093 | D:3      | Killed a centaur
  4094 | D:3      | Reached XP level 6. HP: 13/35 MP: 3/12
  4291 | D:4      | Noticed Ijyb
  4300 | D:4      | Killed Ijyb
  4301 | D:4      | Reached skill level 5 in Conjurations
  4495 | D:4      | Found a white marble altar of Elyvilon.
  5273 | D:5      | Entered Level 5 of the Dungeon
  5296 | D:5      | Learned a level 3 spell: Conjure Flame
  5402 | D:5      | Reached XP level 7. HP: 40/40 MP: 8/13
  5469 | D:5      | Found a staircase to the Ecumenical Temple.
  5478 | Temple   | Entered the Ecumenical Temple
  5732 | Temple   | Became a worshipper of Sif Muna the Loreminder
  5804 | D:5      | Reached skill level 6 in Conjurations
  5804 | D:5      | Reached skill level 5 in Fire Magic
  6530 | D:5      | Reached skill level 7 in Conjurations
  7000 | D:6      | Reached XP level 8. HP: 46/46 MP: 8/15
  7150 | D:6      | Noticed a kobold demonologist
  7170 | D:6      | Killed a kobold demonologist
  7301 | D:6      | Reached skill level 5 in Spellcasting
  7746 | D:7      | Reached skill level 8 in Conjurations
  8330 | D:7      | Found a radiant altar of Vehumet.
  8473 | D:7      | Reached XP level 9. HP: 28/50 MP: 13/20
  8727 | D:7      | Noticed a green ugly thing
  8798 | D:8      | Reached * piety under Sif Muna
  8897 | D:8      | Reached skill level 1 in Invocations
  9406 | D:8      | Noticed a two-headed ogre
  9425 | D:8      | Slain by a two-headed ogre

Illustrated notes

Levels and vault maps discovered:
D:1:      minmay_arrival_radiant_lines, layout_basic, basic_ecumenical_altar,
          hangedman_glass_teeth
D:2:      minmay_door_path, layout_rooms, serial_co_window_serial,
          co_window_paths_a, co_window_corner_a, co_window_of_opportunity_a,
          co_window_paths_a, co_window_paths_b, co_window_paths_a,
          co_window_paths_b, co_window_cross_1, co_window_corner_a,
          co_window_unsneaky_path_a, co_window_cross_4,
          co_window_of_opportunity_b, co_window_unsneaky_path_a,
          co_window_4corner_a, glass_columns_b, glass_columns_c,
          glass_columns_a, basic_altar, uniq_natasha
D:3:      cheibrodos_fertilizer, layout_rooms,
          nicolae_dithmenos_through_a_glass_darkly,
          lemuel_coloured_pillars_altar, jmf_multi_god_temple2
D:4:      kennysheep_six_static_rooms, layout_basic,
          nicolae_elyvilon_peaceful_grove, uniq_ijyb
D:5:      layout_gridville, minmay_temple_entry_mist
D:6:      layout_rooms
D:7:      layout_loops_ring, vehumet_statue, water_maze_lemuel
D:8:      layout_rooms
Temple:   nicolae_temple_figure_eight

Skill      XL: |  1  2  3  4  5  6  7  8  9 |
---------------+----------------------------+-----
Conjurations   | 2 3 4 5 7 8 |  8.8
Fire Magic     | 4 5 7 |  7.8
Short Blades   | 1 2 |  2.2
Fighting       | 1 2 3 |  3.0
Spellcasting   | 6 7 |  7.0
Invocations    | 2 |  2.0
Dodging        | |  2.4
Stealth        | |  2.4

Action                   |  1- 3 |  4- 6 |  7- 9 || total
-------------------------+-------+-------+-------++-------
Melee: Short sword       |    18 |    38 |     4 ||    60
 Cast: Foxfire           |    46 |    63 |   130 ||   239
       Scorch            |     5 |    16 |    31 ||    52
       Conjure Flame     |       |       |     8 ||     8
  Use: Scroll            |     2 |     2 |     6 ||    10
 Stab: Sleeping          |     4 |     8 |     2 ||    14
Armor: Robe              |     5 |    13 |    13 ||    31
Dodge: Dodged            |    29 |    37 |    34 ||   100

Table legend: (Time is in decaauts)
 A = Elapsed time spent in this place.
 B = Non-inter-level travel time spent in this place.
 C = Inter-level travel time spent in this place.
 D = Time resting spent in this place.
 E = Time spent auto-exploring this place.
 F = Levels seen in this place.
 G = Mean time per level.
                   A        B        C        D        E       F      G
               +--------+--------+--------+--------+--------+-----+--------+
         Total |   9430 |   8984 |    446 |    494 |   6943 |   9 | 1047.8 |
       Dungeon |   9157 |   8729 |    428 |    494 |   6740 |   8 | 1144.6 |
        Temple |    273 |    255 |     18 |      0 |    203 |   1 |  273.0 |
               +--------+--------+--------+--------+--------+-----+--------+

Top non-repeatable levels by time:
     D:2: 2068 daAuts
     D:3: 1261 daAuts
     D:5: 1254 daAuts
     D:7: 1028 daAuts
     D:4: 981 daAuts
     D:1: 962 daAuts
     D:6: 959 daAuts
     D:8: 640 daAuts
  Temple: 273 daAuts
